 Dungeon Crawl Stone Soup version 0.27.1-33-g824d729ab1 (webtiles) character file.

Game seed: 13381573484805962423

83 lordive the Insei (level 4, -4/28 HPs)
             Began as an Octopode Transmuter on Dec 26, 2021.
             Was an Initiate of Okawaru.
             Slain by a sky beast (5 damage)
             ... on level 4 of the Dungeon.
             The game lasted 00:03:58 (3524 turns).

lordive the Insei (Octopode Transmuter)             Turns: 3524, Time: 00:03:59

Health: -4/28      AC:  1    Str:  9    XL:     4   Next: 44%
Magic:  7/7        EV: 13    Int: 16    God:    Okawaru [......]
Gold:   133        SH:  0    Dex: 12    Spells: 3/7 levels left

rFire    . . .     SeeInvis .     - Unarmed
rCold    . . .     Faith    .   (no shield)
rNeg     . . .     Spirit   .   (helmet currently unavailable)
rPois    .         Reflect  .   (no amulet)
rElec    .         Harm     .   (no ring)
rCorr    .         Rampage  .   (no ring)
Will     .....                  (no ring)
Stlth    +++.......             (no ring)
HPRegen  0.09/turn              (no ring)
MPRegen  0.10/turn              (no ring)
                                (no ring)
                                (no ring)

@: appendages (expiring)
A: tentacle spike 3, almost no armour, amphibious, 8 rings, camouflage 1,
gelatinous body 1, (nimble swimmer 1), tentacles
a: End Transformation, Renounce Religion


You were on level 4 of the Dungeon.
You worshipped Okawaru.
Okawaru was noncommittal.
One of your tentacles had grown a beastly spike.
You visited 1 branch of the dungeon, and saw 4 of its levels.

You collected 133 gold pieces.

Inventory:

Missiles
 f - a throwing net
Scrolls
 a - 3 scrolls of identify {unknown}
 c - 2 scrolls of teleportation {unknown}
 d - a scroll of magic mapping {unknown}
 g - a scroll of immolation {unknown}
 h - 2 scrolls of amnesia {unknown}
 j - a scroll of holy word {unknown}
Potions
 b - a potion of cancellation {unknown}
 e - a potion of haste {unknown}
 i - a potion of resistance {unknown}


   Skills:
 + Level 1.0 Fighting
 + Level 2.4 Dodging
 + Level 1.4 Stealth
 + Level 4.0 Unarmed Combat
 + Level 2.4 Spellcasting
 * Level 2.7 Transmutations


You had 3 spell levels left.
You knew the following spells:

 Your Spells              Type           Power      Damage    Failure   Level
a - Beastly Appendage     Tmut           20%        N/A       6%          1
b - Spider Form           Tmut/Pois      3%         N/A       34%         3

Your spell library contained the following spells:

 Spells                   Type           Power      Damage    Failure   Level
 Wereblood                Tmut           10%        N/A       10%         2
 Apportation              Tloc           2%         N/A       21%         1
 Freeze                   Ice            4%         1d3       21%         1
 Frozen Ramparts          Ice            2%         1d2       52%         3
 Ice Form                 Ice/Tmut       6%         N/A       75%         4
 Hailstorm                Conj/Ice       1%         3d3       89%         4
 Alistair's Intoxication  Tmut/Pois      4%         N/A       97%         5
 Invisibility             Hex            0%         N/A       100%        6


Dungeon Overview and Level Annotations

Branches:
Dungeon (4/15)
 Temple: D:4-7

Altars:
Okawaru

Shops:
D:2 (

Annotations:
D:3 1 runed translucent door, Crazy Yiuf


Innate Abilities, Weirdness & Mutations

One of your tentacles has grown a beastly spike.
You cannot wear most types of armour.
You are amphibious.
You can wear up to eight rings at the same time.
Your skin changes colour to match your surroundings (Stealth+).
Your rubbery body absorbs attacks. (AC +1, EV +1)
((You are camouflaged near water. (Stealth+)))
You have tentacles for arms and can constrict up to eight enemies at once.


Message History

A sky beast is nearby!
You open the door.
There is an open door here.
Casting: Beastly Appendage (safe; 6% risk of failure)
Confirm with . or Enter, or press ? or * to list all spells.
One of your tentacles grows a vicious spike.
You barely miss the sky beast.
You pierce the sky beast.
The sky beast is lightly wounded.
The sky beast hits you. The sky beast shocks you.
You tentacle-slap the sky beast but do no damage.
The sky beast is lightly wounded.
The sky beast closely misses you.
You barely miss the sky beast.
Your tentacle spike misses the sky beast.
The sky beast is lightly wounded.
Your transformation is almost over.
The sky beast barely misses you.
You closely miss the sky beast.
You pierce the sky beast.
The sky beast is moderately wounded.
The sky beast closely misses you.
You miss the sky beast.
The sky beast is moderately wounded.
You closely miss the sky beast.
The sky beast is moderately wounded.
The sky beast misses you.
You closely miss the sky beast.
The sky beast is moderately wounded.
The sky beast hits you. The sky beast shocks you.
You closely miss the sky beast.
You pierce the sky beast.
You squeeze the sky beast.
The sky beast is severely wounded.
The sky beast hits you. The sky beast shocks you.
* * * LOW HITPOINT WARNING * * *
You tentacle-slap the sky beast but do no damage.
You pierce the sky beast.
The sky beast is severely wounded.
The sky beast hits you.
* * * LOW HITPOINT WARNING * * *
The sky beast shocks you.
You die...

#......# #......#
#......# #......# ..
#......+ . ...
#......# ...
..#######......# ....
#..#......###'##.....
#.........Y@.......
#..................
#...........#######
##...##.....#
#...######+#
#......... #<........
#......... #.........


You could see a sky beast.

Vanquished Creatures
  3 adders
  A howler monkey skeleton (D:3)
  A worm (D:2)
  3 dart slugs
  6 ball pythons
  An endoplasm (D:2)
  2 giant cockroaches
  A goblin (D:2)
  3 hobgoblins
  7 jackals
  3 kobolds
  A quokka (D:2)
  2 bats
  A frilled lizard (D:2)
  A rat (D:3)
36 creatures vanquished.

Notes
Turn   | Place    | Note
-------+----------+-------------------------------------------
     0 | D:1      | lordive the Octopode Transmuter began the quest for the
                  | Orb.
     0 | D:1      | Reached XP level 1. HP: 13/13 MP: 3/3
   919 | D:1      | Reached XP level 2. HP: 18/18 MP: 3/5
  1757 | D:2      | Reached XP level 3. HP: 18/23 MP: 4/6
  1830 | D:2      | Found Boagguph's Antique Weapon Shoppe.
  1960 | D:2      | Learned a level 3 spell: Spider Form
  2177 | D:3      | Reached skill level 1 in Stealth
  2178 | D:3      | HP: 1/23 [howler monkey skeleton (6)]
  2182 | D:3      | Found an iron altar of Okawaru.
  2424 | D:3      | Reached XP level 4. HP: 21/28 MP: 5/7
  2509 | D:3      | Became a worshipper of Warmaster Okawaru
  3001 | D:3      | Reached skill level 4 in Unarmed Combat
  3042 | D:3      | Found a runed translucent door.
  3043 | D:3      | Noticed Crazy Yiuf
  3501 | D:4      | Noticed a sky beast
  3524 | D:4      | HP: 1/28 [sky beast (3)]
  3524 | D:4      | Slain by a sky beast

Illustrated notes

Levels and vault maps discovered:
D:1:      eino_arrival_cavern_d, layout_basic
D:2:      layout_basic, serial_shops, shop, minmay_misc_feat_rows
D:3:      layout_basic, lemuel_crystal_altar, uniq_crazy_yiuf_cottage
D:4:      layout_gridville

Skill      XL: |  1  2  3  4 |
---------------+-------------+-----
Stealth        | 1 |  1.4
Unarmed Combat | 4 |  4.0
Fighting       | |  1.0
Dodging        | |  2.4
Spellcasting   | |  2.4
Transmutations | |  2.7

Action                   |  1- 3 |  4- 6 || total
-------------------------+-------+-------++-------
Melee: Unarmed           |    60 |    34 ||    94
       Constrict         |    20 |    10 ||    30
       Kick              |    11 |     9 ||    20
       Tentacles         |    10 |     3 ||    13
 Cast: Beastly Appendage |    19 |     8 ||    27
 Stab: Sleeping          |     5 |       ||     5
Armor: Skin              |     7 |     4 ||    11
Dodge: Dodged            |    40 |    18 ||    58
